 Dungeon Crawl Stone Soup version 0.19.5 (webtiles) character file.

577 Azzok the Fighter (level 7, -5/68 HPs)
             Began as a Centaur Fighter on June 1, 2017.
             Slain by Duvessa
             ... wielding a +0 short sword
              (7 damage)
             ... on level 4 of the Dungeon.
             The game lasted 00:06:35 (3339 turns).

Azzok the Fighter (Centaur Fighter)                 Turns: 3339, Time: 00:06:35

Health: -5/68      AC:  9    Str: 21    XL:     7   Next: 13%
Magic:  7/7        EV:  3    Int:  7    God:
Gold:   141        SH:  8    Dex:  8    Spells: 0 memorised, 6 levels left

rFire  . . .     SeeInvis +     b - +1 spear (pierce)
rCold  . . .     Gourm    .     p - +0 chain mail
rNeg   . . .     Faith    .     c - +0 shield
rPois  .         Spirit   .     (no helmet)
rElec  .         Reflect  .     y - +0 cloak
rCorr  .         Harm     .     v - +0 pair of gloves
MR     .....                    (no barding)
Stlth  ..........               (no amulet)
                                u - ring of see invisible
                                e - ring of loudness (curse)

@: lethally poisoned (-5 -> -15), slowed
A: hooves 3, deformed body, speed 2, tough skin 3
a: no special abilities


You were on level 4 of the Dungeon.
You were not hungry.

You visited 1 branch of the dungeon, and saw 7 of its levels.

You collected 141 gold pieces.

Inventory:

Hand Weapons
 a - a +0 long sword
 b - a +1 spear of piercing (weapon)
Missiles
 B - 40 arrows
Armour
 c - a +0 shield (worn)
 p - a +0 chain mail (worn)
 v - a +0 pair of gloves (worn)
 y - a +0 cloak (worn)
Jewellery
 e - a cursed ring of loudness (left hand)
 u - a ring of see invisible (right hand)
Scrolls
 g - a scroll of immolation {unknown}
 i - 5 scrolls of teleportation {unknown}
 j - a scroll of fear {unknown}
 k - 2 scrolls of remove curse {unknown}
 m - a scroll of enchant weapon {unknown}
 r - a scroll of random uselessness {unknown}
 t - 4 scrolls of fog {unknown}
 A - a scroll of identify {unknown}
Potions
 d - 2 potions of might
 l - 4 potions of curing {unknown}
 n - 2 potions of degeneration {unknown}
 q - a potion of brilliance {unknown}
 s - a potion of berserk rage {unknown}
 w - a potion of agility {unknown}
Comestibles
 f - 4 bread rations {@e1}
 h - a chunk of flesh {@w0}
 o - a beef jerky
 x - 5 fruits
 z - 2 meat rations {@e2}


   Skills:
 * Level 8.2 Fighting
 - Level 1.7 Long Blades
 - Level 2.1 Armour
 - Level 2.1 Shields


You had 6 spell levels left.
You didn't know any spells.

Dungeon Overview and Level Annotations

Branches:
Dungeon (7/15)
 Temple: D:4-7

Altars:

Annotations:
D:4 Dowan, Duvessa


Innate Abilities, Weirdness & Mutations

You have hooves in place of feet.
Armour fits poorly on your strangely shaped body.
You cover ground very quickly.
You have extremely tough skin. (AC +3)


Message History

The orc wizard blinks!
You take 4 damage, and have 12/68 hp.
Your shield prevents you from hitting the orc.
Your kick misses the orc.
The orc is severely wounded.
You feel sick. Duvessa hits you with a short sword.
* * * LOW HITPOINT WARNING * * *
You block the orc's attack.
The orc wizard mumbles some strange words.
The orc wizard blinks!
Duvessa hits you but does no damage. The orc hits you but does no damage.
You are lethally poisoned!
You take 7 damage, and have 5/68 hp.
You hit the orc.
You kill the orc!
* * * LOW HITPOINT WARNING * * *
You feel very sick.
Dowan smirks and points a slender finger.
You block Duvessa's attack. Duvessa hits you with a short sword!
You die...

··· ····▒ ···
····▒ ▒▒▒▒▒▒▒···
····▒ ▒········
··(·▒ ▒·······
····▒ ▒···:··▒
·o·▒
▒······▒▒▒▒···▒▒▒▒
▒······ee@)·······
▒······▒▒▒▒····▒▒▒
▒······▒ ····▒
▒▒·▒▒▒▒▒ ····▒ ▒·▒
·▒▒▒▒ ▒·▒▒▒▒▒·▒ ·▒
▒>····ee· ··
▒·▒▒▒▒▒▒▒ ·▒ ▒···▒


You could see Duvessa, Dowan and an orc wizard.

Vanquished Creatures
  An ice beast (D:5)
  A phantom (D:5)
  The ghost of Azzok the Shooter, an amateur CeHu (D:3)
  A bullfrog (D:6)
  A centaur skeleton (D:7)
  A hound zombie (D:6)
  4 gnolls
  7 adders
  A shadow imp (D:6)
  2 oozes
  A worm (D:2)
  2 dart slugs (D:1)
  3 leopard geckos (D:2)
  7 orcs
  2 ball pythons
  4 giant cockroaches
  6 goblins
  4 hobgoblins
  11 jackals
  3 kobolds (D:2)
  3 quokkas
  6 bats
  4 frilled lizards
  A quokka skeleton (D:5)
  4 rats
81 creatures vanquished.

Vanquished Creatures (others)
  An orc wizard (D:4)
1 creature vanquished.

Grand Total: 82 creatures vanquished

Notes
Turn   | Place    | Note
-------+----------+-------------------------------------------
     0 | D:1      | Azzok the Centaur Fighter began the quest for the Orb.
     0 | D:1      | Reached XP level 1. HP: 19/19 MP: 1/1
   129 | D:1      | Reached XP level 2. HP: 24/26 MP: 2/2
   503 | D:1      | Reached skill level 4 in Fighting
   654 | D:2      | Reached XP level 3. HP: 20/33 MP: 3/3
  1201 | D:2      | Reached XP level 4. HP: 14/41 MP: 4/4
  1509 | D:1      | Reached skill level 5 in Fighting
  1784 | D:2      | Reached XP level 5. HP: 33/50 MP: 5/5
  2232 | D:3      | Noticed Azzok's ghost (amateur CeHu)
  2256 | D:3      | Killed Azzok's ghost
  2256 | D:3      | Reached skill level 6 in Fighting
  2852 | D:3      | You fall through a shaft for 3 floors!
  2852 | D:6      | Noticed a water moccasin
  2860 | D:6      | Noticed a crocodile
  2876 | D:7      | Reached XP level 6. HP: 57/58 MP: 6/6
  2972 | D:6      | Reached skill level 7 in Fighting
  3156 | D:5      | Entered Level 5 of the Dungeon
  3159 | D:5      | Noticed an ice beast
  3281 | D:5      | Killed an ice beast
  3281 | D:5      | Reached skill level 8 in Fighting
  3281 | D:5      | Reached XP level 7. HP: 68/68 MP: 7/7
  3304 | D:4      | Noticed Dowan
  3307 | D:4      | Noticed Duvessa
  3339 | D:4      | HP: 2/68 [poisoned by an orc]
  3339 | D:4      | Slain by Duvessa

Skill      XL: |  1  2  3  4  5  6 |
---------------+-------------------+-----
Fighting       | 4 5 6 8 |  8.2
Long Blades    | |  1.7
Armour         | |  2.1
Shields        | |  2.1

Action                   |  1- 3 |  4- 6 |  7- 9 || total
-------------------------+-------+-------+-------++-------
Melee: Long sword        |   122 |    35 |       ||   157
       Kick              |    27 |    44 |     2 ||    73
       Spear             |       |   163 |    18 ||   181
  Eat: Chunk             |     1 |     6 |       ||     7
Armor: Scale mail        |    76 |       |       ||    76
       Chain mail        |    22 |    93 |    15 ||   130
Dodge: Dodged            |    29 |    20 |     2 ||    51
Block: Shield            |    52 |    80 |    11 ||   143
       Rpst.: Long sword |     8 |       |       ||     8
